 Dungeon Crawl Stone Soup version 0.30.1-11-g7821555f0a (webtiles) character file.

Game seed: 16628827742804137504

134 porpoise the Shooter (level 4, 0/26 HPs)
             Began as a Deep Elf Hunter on Dec 11, 2023.
             Slain by a mummy (9 damage)
             ... in an ossuary.
             The game lasted 00:06:01 (1876 turns).

porpoise the Shooter (Deep Elf Hunter)              Turns: 1876, Time: 00:06:02

Health: 0/26       AC:  4    Str:  8    XL:     4   Next: 95%
Magic:  0/6        EV: 13    Int: 14    God:
Gold:   72         SH:  0    Dex: 20    Spells: 3/3 levels left

rFire   . . .        a - +0 shortbow
rCold   . . .        (shield currently unavailable)
rNeg    . . .        c - +0 leather armour
rPois   .            (no helmet)
rElec   .            (no cloak)
rCorr   .            (no gloves)
SInv    .            h - +0 pair of boots
Will    .....        e - amulet of guardian spirit
Stlth   ++           (no ring)
HPRegen 0.24/turn    (no ring)
MPRegen 0.10/turn

%: guardian spirit
@: no status effects
A: no striking features
a: no special abilities


You were in an ossuary.
You visited 1 branch of the dungeon, and saw 4 of its levels.
You also visited: Ossuary.

You collected 72 gold pieces.

Inventory:

Hand Weapons
 a - a +0 shortbow (weapon)
Missiles
 i - 5 silver boomerangs
 n - 5 javelins
 p - 5 poisoned darts
Armour
 c - a +0 leather armour (worn)
 h - a +0 pair of boots (worn)
Jewellery
 e - an amulet of guardian spirit (around neck)
 m - a ring of wizardry
Wands
 o - a wand of quicksilver (7)
Scrolls
 b - a scroll of immolation
 d - a scroll of poison {unknown}
 v - 2 scrolls of identify {unknown}
Potions
 g - 3 potions of curing {unknown}
 j - 2 potions of mutation {unknown}
 k - 3 potions of lignification {unknown}
 l - a potion of degeneration {unknown}
 q - a potion of brilliance {unknown}
 r - a potion of might {unknown}
 s - a potion of invisibility {unknown}


   Skills:
 - Level 1.8 Fighting
 * Level 6.8 Ranged Weapons
 + Level 3.7 Dodging
 + Level 3.2 Stealth


You had 3 spell levels left.
You didn't know any spells.
Your spell library contained the following spells:

 Spells                   Type           Power      Damage    Failure   Level
 Freeze                   Ice            0%         1d3       38%         1
 Call Canine Familiar     Summ           0%         N/A       77%         3
 Frozen Ramparts          Ice            0%         1d1       77%         3
 Hailstorm                Conj/Ice       0%         3d3       77%         3
 Ozocubu's Armour         Ice            0%         N/A       77%         3
 Portal Projectile        Hex/Tloc       0%         N/A       77%         3
 Leda's Liquefaction      Hex/Erth       0%         N/A       99%         4
 Ozocubu's Refrigeration  Ice            0%         4d7       100%        7


Dungeon Overview and Level Annotations

Branches:
Dungeon (4/15)            Ossuary (1/1)
 Temple: D:4-7

Altars:

Shops:
D:1 [


Message History

The mummy is heavily damaged.
The mummy closely misses you.
You shoot an arrow. The arrow hits the mummy!
You destroy the mummy!
No target in view!
There is an open door here.
v - 2 scrolls labelled WOERHUIKUDGH (gained 1)
You open the door.
A gnoll skeleton and a mummy come into view.
Found a scroll labelled FOS MIEMEWK.
You shoot an arrow. The arrow hits the gnoll skeleton.
The gnoll skeleton is moderately damaged.
You shoot an arrow. The arrow hits the gnoll skeleton.
The gnoll skeleton is heavily damaged.
The gnoll skeleton hits you but does no damage.
You shoot an arrow. The arrow hits the gnoll skeleton.
The gnoll skeleton is almost destroyed.
The gnoll skeleton hits you but does no damage.
You shoot an arrow. The arrow hits the gnoll skeleton.
You destroy the gnoll skeleton!
You shoot an arrow. The arrow hits the mummy.
The mummy is lightly damaged.
The mummy hits you but does no damage.
You shoot an arrow. The arrow hits the mummy.
The mummy is lightly damaged.
You shoot an arrow. The arrow hits the mummy.
The mummy is moderately damaged.
The mummy hits you.
You shoot an arrow.
The arrow hits the mummy but does no damage.
The mummy is moderately damaged.
The mummy hits you!
Ouch! That really hurt!
You are too injured to fight recklessly!
You are too injured to fight recklessly!
You shoot an arrow.
The arrow hits the mummy but does no damage.
The mummy is moderately damaged.
The mummy hits you!
You die...

###
###.#####
###....'..#
##...#####.#
##..###
##'## #..##
#...#####..
## ##'##
+..@M.....#
∩###...#
+...###?###
..'....+
##+##
∩###...# ##
##+##


You could see a mummy.

Vanquished Creatures
  2 mummies (Ossuary)
  3 adders (D:2)
  2 worms (D:2)
  4 dart slugs
  An orc (D:3)
  4 ball pythons
  3 endoplasms
  4 giant cockroaches
  10 goblins
  6 hobgoblins
  3 quokkas
  7 bats
  A frilled lizard (D:2)
  2 gnoll skeletons (Ossuary)
  9 kobolds
  A kobold skeleton (Ossuary)
  8 rats
70 creatures vanquished.

Notes
Turn   | Place    | Note
-------+----------+-------------------------------------------
     0 | D:1      | porpoise the Deep Elf Hunter began the quest for the Orb.
     0 | D:1      | Reached XP level 1. HP: 12/12 MP: 3/3
    23 | D:1      | Found Aggit's Armour Boutique.
   240 | D:1      | Reached XP level 2. HP: 17/17 MP: 4/4
   280 | D:1      | Found a faded altar of an unknown god.
   749 | D:2      | Reached XP level 3. HP: 21/21 MP: 5/5
   896 | D:2      | Reached skill level 6 in Ranged Weapons
  1035 | D:2      | Reached XP level 4. HP: 26/26 MP: 6/6
  1807 | D:4      | Found a sand-covered staircase.
  1813 | Ossuary  | Entered an ossuary
  1876 | Ossuary  | Slain by a mummy

Illustrated notes

Levels and vault maps discovered:
D:1:      saegor_arrival_simple_e, layout_loops_ring,
          shapermc_ecumenical_altar_venn, serial_shops, shop
D:2:      layout_basic
D:3:      layout_rooms
D:4:      layout_loops_cross, lightli_ossuary_entry_decrepit_ruins,
          minmay_distorted, uniq_eustachio
Ossuary:  ossuary_due_small_catacomb

Skill      XL: |  1  2  3  4 |
---------------+-------------+-----
Stealth        | 2 3 |  3.2
Dodging        | 3 |  3.7
Ranged Weapons | 6 |  6.8
Fighting       | |  1.8

Action                     |  1- 3 |  4- 6 || total
---------------------------+-------+-------++-------
   Fire: Shortbow          |   102 |    91 ||   193
    Use: Scroll            |       |     4 ||     4
 Armour: Leather armour    |    18 |     7 ||    25
  Dodge: Dodged            |    20 |     7 ||    27
